 Dungeon Crawl Stone Soup version 0.32-a0-666-ge8a88695a4 (webtiles) character file.

Game seed: 8125156720379886240

142 growler the Ruffian (level 5, -5/37 HPs)
             Began as a Demonspawn Shapeshifter on Mar 9, 2024.
             Killed by divine providence
             ... invoked by an orc priest
              (12 damage)
             ... on level 3 of the Dungeon.
             The game lasted 00:06:09 (2717 turns).

growler the Ruffian (Demonspawn Shapeshifter)       Turns: 2717, Time: 00:06:10

Health: -5/37      AC:  6    Str: 17    XL:     5   Next: 3%
Magic:  5/5        EV: 11    Int: 10    God:
Gold:   117        SH:  0    Dex: 12    Spells: 4/4 levels left

rFire   . .          .
                       - Unarmed
rCold   . . .        (no shield)
rNeg    . . .        p - +1 ring mail {rPois}
rPois   +            (helmet currently unavailable)
rElec   .            (cloak currently unavailable)
rCorr   .            (gloves currently unavailable)
SInv    .            (boots currently unavailable)
Will    .....        (no amulet)
Stlth   +            (no ring)
HPRegen 0.26/turn    (no ring)
MPRegen 0.09/turn

%: no passive effects
@: beast-form, invisible
A: beast (slay +1), foul stench 1, demonic touch 1
a: Begin Untransformation


You were on level 3 of the Dungeon.
You were a hulking beast.
You visited 1 branch of the dungeon, and saw 3 of its levels.

You collected 117 gold pieces.

Inventory:

Armour
 a - a +0 pair of gloves
 p - a +1 ring mail of poison resistance (worn)
Talismans
 c - a beast talisman (active)
 d - a flux talisman
Scrolls
 b - a scroll of vulnerability {unknown}
 e - 2 scrolls of teleportation {unknown}
 f - 2 scrolls of identify
 g - a scroll of fear {unknown}
 h - a scroll of amnesia {unknown}
 j - 3 scrolls of revelation {unknown}
 k - a scroll of poison
 m - a scroll of enchant armour {unknown}
 n - a scroll of torment {unknown}
Potions
 i - 2 potions of might
 l - a potion of haste
 o - 2 potions of invisibility


   Skills:
 - Level 1.0 Fighting
 - Level 1.7 Dodging
 + Level 4.9 Unarmed Combat
 + Level 3.2 Shapeshifting


You had 4 spell levels left.
You didn't know any spells.
Your spell library contained the following spells:

 Spells                   Type           Power      Damage    Failure   Level
 Ensorcelled Hibernation  Hex/Ice        0%         N/A       71%         2
 Sublimation of Blood     Necr           0%         N/A       71%         2
 Fugue of the Fallen      Necr           0%         N/A       91%         3
 Volatile Blastmotes      Fire/Tloc      0%         2d10      91%         3
 Anguish                  Hex/Necr       0%         N/A       100%        4
 Fulminant Prism          Conj/Alch      0%         3d5       100%        4
 Iskenderun's Mystic Bla  Conj/Tloc      0%         2d3       100%        4
 Petrify                  Alch/Erth      0%         N/A       100%        4
 Vhi's Electric Charge    Tloc/Air       0%         N/A       100%        4
 Arcjolt                  Conj/Air       0%         1d10      100%        5
 Irradiate                Conj/Alch      0%         3d11      100%        5
 Maxwell's Capacitive Co  Air            0%         ∞         100%        8


Dungeon Overview and Level Annotations

Branches:
Dungeon (3/15)

Altars:
Xom


Innate Abilities, Weirdness & Mutations

You are a hulking beast.
Your limbs bulge with bestial killing power. (Slay +1)
You may rarely emit foul miasma when damaged in melee.
Your touch may inflict minor irresistible damage on your foes.


Message History

You open the door.
There is an open door here.
o - 3 green potions (gained 1)
Found a stone staircase leading down.
There is an open door here.
There is an open door here.
You pick up a book of Transmutation and begin reading...
You add the spells Sublimation of Blood, Petrify and Irradiate to your library.
An orc comes into view. It is wielding a +0 trident.
The orc shouts!
An orc comes into view. It is wielding a +0 hand axe.
The orc shouts!
An orc priest comes into view. It is wielding a +0 club.
The orc priest shouts!
The orc hits you with a +0 trident.
You emit a cloud of foul miasma!
You hit the orc but do no damage.
The orc is engulfed in dark miasma.
The orc is poisoned.
The orc barely misses you.
You hit the orc.
You kill the orc!
The orc priest mumbles some strange prayers to Beogh against you.
Beogh smites you!
The orc priest shouts, "Surrender to Beogh and we'll let you live!" (press Y on the ability menu to convert to Beogh)
The orc hits you with a +0 hand axe.
Things that are here:
a +0 trident; a +0 leather armour You closely miss the orc.
The orc closely misses you.
The orc priest mumbles some strange prayers to Beogh against you.
Beogh smites you!
* * * LOW HITPOINT WARNING * * *
Unknown command.
You barely miss the orc.
The orc priest shouts, "The Pantheon deserves no one's loyalty.
Let us show you the true path!" The orc hits you but does no damage.
It was a potion of invisibility.
You fade into invisibility!
The orc closely misses you.
The orc priest calls down the wrath of Beogh upon you.
Beogh smites you!
You die...

.......##########.#####
.......# .# .......#
.#.##.## ...##.# .####.#
.#..#.# .#..#.#
###########.####
.#..#.#.#.......hoo.....
.#..#.#.#.#########.###.
.#..#.#.#.# .#..#.#.#.#
.#..#.#.#.# .#..#.#.#.#
.#..#.#.#.#####
.#......#.....#
.#......#####.#


You could see an orc priest (unable to see you) and an orc (unable to see you).

Vanquished Creatures
  Jessica (D:3)
  Terence (D:3)
  2 adders
  A ribbon worm (D:2)
  An orc (D:3)
  2 bats
  8 endoplasms
  3 giant cockroaches
  3 goblins
  7 hobgoblins
  10 jackals
  4 kobolds
  3 quokkas
  7 ball pythons
  3 frilled lizards
  6 rats
62 creatures vanquished.

Notes
Turn   | Place    | Note
-------+----------+-------------------------------------------
     0 | D:1      | growler the Demonspawn Shapeshifter began the quest for the
                  | Orb.
     0 | D:1      | Reached XP level 1. HP: 15/15 MP: 1/1
    47 | D:1      | Reached skill level 3 in Unarmed Combat
   175 | D:1      | Gained mutation: Your touch may inflict minor irresistible
                  | damage on your foes. [demonic ancestry]
   175 | D:1      | Reached XP level 2. HP: 18/21 MP: 2/2
   887 | D:1      | Reached XP level 3. HP: 15/26 MP: 3/3
  1240 | D:2      | Reached skill level 4 in Unarmed Combat
  1766 | D:2      | Gained mutation: You may rarely emit foul miasma when
                  | damaged in melee. [demonic ancestry]
  1766 | D:2      | Reached XP level 4. HP: 32/32 MP: 4/4
  2173 | D:3      | Found a shimmering altar of Xom.
  2186 | D:3      | Noticed Terence
  2196 | D:3      | Killed Terence
  2228 | D:3      | Noticed Jessica
  2234 | D:3      | Killed Jessica
  2508 | D:3      | Reached XP level 5. HP: 37/37 MP: 5/5
  2717 | D:3      | Killed from afar by an orc priest

Illustrated notes

Levels and vault maps discovered:
D:1:      scummos_arrival_gate, layout_loops_corners, minmay_ruptured
D:2:      layout_basic
D:3:      layout_basic, mainiacjoe_overflow_six_doors_small, uniq_jessica,
          uniq_terence

Skill      XL: |  1  2  3  4 |
---------------+-------------+-----
Unarmed Combat | 3 4 |  4.9
Shapeshifting  | 3 |  3.2
Fighting       | |  1.0
Dodging        | |  1.7

Action                     |  1- 3 |  4- 6 || total
---------------------------+-------+-------++-------
  Melee: Unarmed           |   118 |    34 ||   152
         Touch             |    12 |     4 ||    16
    Use: Potion            |     1 |     1 ||     2
         Scroll            |       |     3 ||     3
   Stab: Sleeping          |     1 |       ||     1
 Armour: Animal skin       |    35 |       ||    35
         Skin              |     9 |       ||     9
         Ring mail         |    24 |    16 ||    40
  Dodge: Dodged            |    57 |    15 ||    72

Table legend: (Time is in decaauts)
 A = Elapsed time spent in this place.
 B = Non-inter-level travel time spent in this place.
 C = Inter-level travel time spent in this place.
 D = Time resting spent in this place.
 E = Time spent auto-exploring this place.
 F = Levels seen in this place.
 G = Mean time per level.
                   A        B        C        D        E       F      G
               +--------+--------+--------+--------+--------+-----+--------+
         Total |   2705 |   2606 |     99 |    114 |   2081 |   3 |  901.7 |
       Dungeon |   2705 |   2606 |     99 |    114 |   2081 |   3 |  901.7 |
               +--------+--------+--------+--------+--------+-----+--------+

Top non-repeatable levels by time:
     D:1: 1188 daAuts
     D:3: 823 daAuts
     D:2: 693 daAuts
